AoeStats
← juu

Black Forest

509643092Analyzed
2v2 RM · 5d ago on Sep 27, 2026· 22m 17s· 4 players
Game mode
Random Map
Map size
Medium (4 player)
Population
200
Speed
Normal
Resources
Standard
Victory
Conquest
Starting age
Dark Age
Ending age
Imperial Age
RankedLock teamsTeams togetherTeam positionsShared explorationLock speedFull tech treeHidden civsTurbo modeCheats
Victory
Defeat
🇫🇷 Celts · France
1490
+15
🇫🇷 Mapuche · France
1489
+15
🇫🇮 Teutons · Finland
1492
-17
🇫🇮 Cumans · Finland
1426
-13
Genitaali
0:42 Loom
11:41 Feudal Age
12:21 Double-Bit Axe
13:14 Fletching
juu
0:33 Loom
10:48 Feudal Age
13:01 Double-Bit Axe
Tom
10:09 Feudal Age
9:25 Loom
13:56 Castle Age
12:32 Double-Bit Axe
15:03 Bow Saw
Ziko
0:41 Loom
12:22 Feudal Age
16:12 Fletching
18:25 Castle Age
Connection lost

Rejoining the realm…

Still unreachable

The connection could not be restored.

Session expired

The server has moved on; the page needs a fresh start.